 Dungeon Sprint DCSS version 0.30-a0-1161-g0704695555 (webtiles) character file.

Game seed: 3764503813346421694

900000 123456 the Black Belt (level 11, -34/92 HPs)
             Began as a Demonspawn Gladiator on Apr 27, 2023.
             Was a Believer of Makhleb.
             Annihilated by a meat berserker
             ... wielding a +9 battleaxe
              (91 damage)
             ... in the Dungeon (Sprint VIII: "Arena of Blood").
             The game lasted 00:00:12 (9 turns).

123456 the Black Belt (Demonspawn Gladiator)           Turns: 9, Time: 00:00:12

Health: -34/92     AC: 12    Str: 15    XL:     11   Next: 78%
Magic:  11/11      EV: 23    Int:  9    God:    Makhleb [**....]
Gold:   0          SH:  4    Dex: 19    Spells: 10/10 levels left

rFire   . . .        k - +∞ Axe of Woe
rCold   . . .        (shield currently unavailable)
rNeg    . . .        a - +0 leather armour
rPois   .            b - +0 helmet
rElec   .            (no cloak)
rCorr   .            (no gloves)
SInv    .            (no boots)
Will    .....        (no amulet)
Stlth   +            (no ring)
HPRegen 0.35/turn    (no ring)
MPRegen 0.12/turn

%: no teleportation
@: no status effects
A: icemail 2, powered by pain 1, condensation shield, demonic touch 2
a: Renounce Religion, Minor Destruction


You were in the Dungeon.
You worshipped Makhleb.
Makhleb was pleased with you.
You visited 1 branch

Inventory:

Hand Weapons
 k - the +∞ Axe of Woe (weapon)
   (You found it in the Dungeon)
Missiles
 c - 3 throwing nets (quivered)
 d - a javelin
Armour
 a - a +0 leather armour (worn)
 b - a +0 helmet (worn)
Scrolls
 j - a scroll of blinking
Potions
 e - a potion of curing
 f - a potion of heal wounds
 g - a potion of haste
 h - 2 potions of magic
 i - a potion of berserk rage


   Skills:
 + Level 10.5 Fighting
 + Level 2.1 Axes
 + Level 9.6 Throwing
 + Level 17.3 Dodging
 + Level 17.3 Unarmed Combat


You had 10 spell levels left.
You didn't know any spells.
Your spell library was empty.

Dungeon Overview and Level Annotations

Branches:
Dungeon (1/1)

Altars:
Makhleb


Innate Abilities, Weirdness & Mutations

A meltable icy envelope protects you from harm. (AC +8)
You sometimes gain a little power by taking damage.
A meltable shield of frost defends you. (SH +4)
Your touch may inflict irresistible damage on your foes.


Message History

You kill the bag of meat!
Makhleb accepts your kill.
You can now gain health from killing.
The meat berserker appears out of thin air!
A meat berserker comes into view. It is wielding a +9 battleaxe.
The bag of meat appears out of thin air!
A bag of meat comes into view. It is wielding a +9 war axe.
The meat berserker shouts!
The bag of meat shouts!
You hear a shout! x5
A meat berserker comes into view. It is wielding a +9 battleaxe.
You hear a shout! x10
The bag of meat hits you with a +9 war axe!!
A bag of meat comes into view. It is wielding a +9 war axe.
You hear a shout!
Your Fighting skill increases to level 10!
Your Axes skill gained 2 levels and is now at level 2!
Your Throwing skill increases to level 9!
Your Dodging skill gained 2 levels and is now at level 17!
Your Unarmed Combat skill gained 2 levels and is now at level 17!
You have reached level 11!
Your demonic ancestry asserts itself...
Your icy envelope grows thicker.
Unknown command.
Unknown command.
The bag of meat shouts!
You slash the bag of meat!
You cleave the bag of meat in twain.
You kill the bag of meat!
Makhleb accepts your kill.
You slash the bag of meat! You chop the bag of meat into pieces.
You kill the bag of meat!
Makhleb accepts your kill.
You slash the bag of meat!
You hew the bag of meat savagely.
You kill the bag of meat!
Makhleb accepts your kill.
You can now harness Makhleb's destructive might.
The meat berserker rages.
You hear a shout!
A meat berserker comes into view. It is wielding a +9 battleaxe.
You hear a shout! x4
The meat berserker hits you with a +9 battleaxe!!!!
Ouch! That really hurt!
You die...

#. ...# #.. ...#
.O.. .###..
...###....
......###.........
......_..........
#.....#.......
#_.<._#.......
.#....)#......#
......_..@O.O....
......###)o.......
.###.. o...###....
#.......# ...
#.......# .
.........
...o.....
.........


You could see 3 meat berserkers and 3 bags of meat.

Vanquished Creatures
  5 orcs (D)
5 creatures vanquished.

Notes
Turn   | Place    | Note
-------+----------+-------------------------------------------
     0 | D        | Found the +∞ Axe of Woe
     0 | D        | 123456 the Demonspawn Gladiator began the quest for the
                  | Orb.
     0 | D        | Reached XP level 1. HP: 16/16 MP: 1/1
     2 | D        | Noticed a bag of meat
     2 | D        | Noticed a bag of meat
     4 | D        | Became a worshipper of Makhleb the Destroyer
     4 | D        | Noticed a bag of meat
     5 | D        | Noticed a bag of meat
     5 | D        | Noticed a bag of meat
     6 | D        | Noticed a bag of meat
     7 | D        | Killed a bag of meat
     8 | D        | Reached skill level 15 in Dodging
     8 | D        | Reached skill level 15 in Unarmed Combat
     8 | D        | Gained mutation: A meltable shield of frost defends you.
                  | (SH +4) [demonic ancestry]
     8 | D        | Reached XP level 2. HP: 34/34 MP: 2/2
     8 | D        | Gained mutation: Your touch may inflict minor irresistible
                  | damage on your foes. [demonic ancestry]
     8 | D        | Reached XP level 3. HP: 39/39 MP: 3/3
     8 | D        | Gained mutation: A meltable icy envelope protects you from
                  | harm. (AC +8) [demonic ancestry]
     8 | D        | Reached XP level 4. HP: 46/46 MP: 4/4
     8 | D        | Reached XP level 5. HP: 52/52 MP: 5/5
     8 | D        | Reached XP level 6. HP: 58/58 MP: 6/6
     8 | D        | Reached XP level 7. HP: 64/64 MP: 7/7
     8 | D        | Gained mutation: You sometimes gain a little power by
                  | taking damage. [demonic ancestry]
     8 | D        | Reached XP level 8. HP: 71/71 MP: 8/8
     8 | D        | Reached XP level 9. HP: 76/76 MP: 9/9
     8 | D        | Gained mutation: Your touch may inflict irresistible damage
                  | on your foes. [demonic ancestry]
     8 | D        | Reached XP level 10. HP: 83/83 MP: 10/10
     8 | D        | Killed a bag of meat
     8 | D        | Reached * piety under Makhleb
     8 | D        | Noticed a meat berserker
     8 | D        | Noticed a bag of meat
     8 | D        | Noticed a meat berserker
     8 | D        | Noticed a bag of meat
     9 | D        | Reached skill level 10 in Fighting
     9 | D        | Gained mutation: A meltable icy envelope protects you from
                  | harm. (AC +8) [demonic ancestry]
     9 | D        | Reached XP level 11. HP: 57/92 MP: 11/11
     9 | D        | Killed a bag of meat
     9 | D        | Killed a bag of meat
     9 | D        | Killed a bag of meat
     9 | D        | Reached ** piety under Makhleb
     9 | D        | Noticed a meat berserker
     9 | D        | Annihilated by a meat berserker

Illustrated notes

Levels and vault maps discovered:
D:        meatsprint

Skill      XL: |  1  2  3  4  5  6  7  8  9 10 |
---------------+-------------------------------+-----
Fighting       | 9 10 | 10.5
Throwing       | 8 9 |  9.6
Dodging        | 15 17 | 17.3
Unarmed Combat | 15 17 | 17.3
Axes           | 2 |  2.1

Action                     |  1- 3 |  4- 6 |  7- 9 | 10-12 || total
---------------------------+-------+-------+-------+-------++-------
  Melee: Executioner's axe |     1 |       |       |     2 ||     3

Table legend: (Time is in decaauts)
 A = Elapsed time spent in this place.
 B = Non-inter-level travel time spent in this place.
 C = Inter-level travel time spent in this place.
 D = Time resting spent in this place.
 E = Time spent auto-exploring this place.
 F = Levels seen in this place.
 G = Mean time per level.
                   A        B        C        D        E       F      G
               +--------+--------+--------+--------+--------+-----+--------+
         Total |     10 |     10 |      0 |      0 |      0 |   1 |   10.0 |
       Dungeon |     10 |     10 |      0 |      0 |      0 |   1 |   10.0 |
               +--------+--------+--------+--------+--------+-----+--------+

Top non-repeatable levels by time:
       D: 10 daAuts
